 Dungeon Crawl Stone Soup version 0.18.1-48-g4cf74bf (webtiles) character file.

4584 Inkary the Blocker (level 10, -1/65 HPs)
             Began as a Gargoyle Fighter on July 28, 2016.
             Was an Elder of Okawaru.
             Killed from afar by a crimson imp (7 damage)
             ... with a wand of flame
             ... on level 8 of the Dungeon.
             The game lasted 00:30:04 (7971 turns).

Inkary the Blocker (Gargoyle Fighter)               Turns: 7971, Time: 00:30:04

Health: -1/65      AC: 16    Str: 21    XL:     10   Next: 41%
Magic:  12/13      EV: 13    Int: 10    God:    Okawaru [****..]
Gold:   511        SH: 13    Dex: 10    Spells: 0 memorised, 9 levels left

rFire  . . .     SeeInvis +     E - +2 mace (curse)
rCold  . . .     Gourm    .     h - +1 leather armour {rPois}
rNeg   + . .     Faith    .     c - +0 shield
rPois  ∞         Spirit   .     (no helmet)
rElec  +         Dismiss  .     q - +2 cloak {+Inv}
rCorr  .         Reflect  .     (no gloves)
SustAt .         Harm     .     (no boots)
MR     .....                    (no amulet)
Stlth  ++........               A - ring of see invisible
                                (no ring)

@: heroism, not resistant to hostile enchantments, unstealthy
A: negative energy resistance 1, electricity resistance, unbreathing,
petrification resistance, rot immunity, AC +7
a: Heroism, Renounce Religion, Evoke Invisibility


You were on level 8 of the Dungeon.
You worshipped Okawaru.
Okawaru was greatly pleased with you.
You were not hungry.

You visited 1 branch of the dungeon, and saw 8 of its levels.

You collected 511 gold pieces.

Inventory:

Hand Weapons
 E - a cursed +2 mace (weapon)
Armour
 c - a +0 shield (worn)
 h - a +1 leather armour of poison resistance (worn)
 q - a +2 cloak of invisibility (worn)
Magical Staves
 y - an uncursed staff of poison
Jewellery
 g - an uncursed ring of ice
 n - an uncursed ring of sustain attributes {unknown}
 A - a ring of see invisible (right hand)
Wands
 d - a wand of digging (6/24)
 p - a wand of disintegration (0/24)
 w - a wand of enslavement (1/24)
 C - a wand of teleportation (3/9)
Scrolls
 b - 3 scrolls of remove curse
 e - 3 scrolls of teleportation
 k - a scroll of magic mapping
Potions
 a - a potion of cancellation
 j - 2 potions of magic
 l - 2 potions of mutation
 m - a potion of invisibility {unknown}
 o - a potion of curing
 r - 2 potions of agility
 s - a potion of brilliance {unknown}
 x - a potion of degeneration {unknown}
 z - a potion of lignification {unknown}
 B - a potion of haste
Comestibles
 f - 4 bread rations
 i - 6 meat rations
 t - 3 fruits
 v - a beef jerky


   Skills:
 + Level 8.4(13.4) Fighting
 + Level 6.7(11.7) Maces & Flails
   Level 1.8(6.8) Polearms
 + Level 8.4(13.4) Armour
 + Level 8.6(13.6) Shields
 + Level 5.1 Invocations


You had 9 spell levels left.
You didn't know any spells.

Dungeon Overview and Level Annotations

Branches:
Dungeon (8/15)             Temple (0/1) D:7
   Lair: D:8-11

Altars:
Gozag
Kikubaaqudgha
Makhleb
Okawaru
Ru
Yredelemnul
The Shining One


Innate Abilities, Weirdness & Mutations

You are resistant to torment.
Your stone body is resilient (AC +7).
You are immune to poison.
You resist negative energy.
You are resistant to electric shocks.
You can survive without breathing.
You are immune to petrification.
You are immune to rotting.


Message History

The orc warrior barely misses you. You block the orc warrior's attack.
You hit the orc warrior.
The orc warrior is lightly wounded.
The orc warrior hits you with a glaive!
* * * LOW HITPOINT WARNING * * *
You gain the combat prowess of a mighty hero.
You feel slightly more hungry.
The orc warrior hits you from afar with a halberd.
* * * LOW HITPOINT WARNING * * *
You block the orc warrior's attack.
Read which item? (? for menu, Esc to quit)
As you read the scroll of teleportation, it crumbles to dust.
You feel strangely unstable. You block the orc warrior's attack.
The orc warrior hits you from afar with a glaive.
* * * LOW HITPOINT WARNING * * *
Your surroundings suddenly seem different.
Found a stone staircase leading down.
A crimson imp comes into view.
The crimson imp zaps a wand.
The puff of flame hits you!
You die...

#......##
#.......###
##.......5.#
#...........
##...........
#............
##.........>..
#.............
#.....@.......
#............#
#............##
#.........####
#...#######
#### ...
####### ### ..
......#####.#
##.
....#.......#
..


You could see a crimson imp.

Vanquished Creatures
  The ghost of junkhipster the Skirmisher, a novice GrFi (D:7)
  Duvessa (D:5)
  A water moccasin (D:6)
  2 black bears
  A necrophage (D:8)
  4 ogres (D:6)
  2 centaurs
  Blork the orc (D:6)
  A big kobold (D:7)
  7 giant frogs
  A gnoll sergeant (D:6)
  Dowan (D:5)
  A scorpion (D:4)
  10 wights
  7 killer bees
  3 howler monkeys
  The ghost of zilvtree the Firebug, a weakling DEFE (D:3)
  A centaur zombie (D:6)
  9 hounds
  7 orc wizards
  A quasit (D:7)
  2 centaur skeletons
  3 orc priests
  3 jellies
  Crazy Yiuf (D:3)
  A giant frog skeleton (D:5)
  2 gnoll shamans
  4 iguanas
  6 worker ants
  3 killer bee zombies
  A hound skeleton (D:6)
  A worker ant zombie (D:8)
  7 adders
  13 gnolls
  A shadow imp (D:7)
  2 adder skeletons
  An adder zombie (D:5)
  A worm (D:4)
  3 dart slugs
  2 giant geckos
  19 orcs
  4 bats
  8 giant cockroaches
  4 goblins
  5 hobgoblins
  10 jackals
  13 kobolds
  A quokka (D:3)
  3 ball pythons
  2 giant newts
  A jackal skeleton (D:7)
190 creatures vanquished.

Vanquished Creatures (others)
  4 plants
4 creatures vanquished.

Grand Total: 194 creatures vanquished

Notes
Turn   | Place    | Note
--------------------------------------------------------------
     0 | D:1      | Inkary the Gargoyle Fighter began the quest for the Orb.
     0 | D:1      | Reached XP level 1. HP: 14/14 MP: 1/1
   162 | D:1      | Reached XP level 2. HP: 11/19 MP: 2/2
   853 | D:2      | Reached XP level 3. HP: 20/23 MP: 3/3
   939 | D:2      | Found an iron altar of Okawaru.
   974 | D:2      | Became a worshipper of Warmaster Okawaru
  1053 | D:2      | Found an opulent altar of Gozag.
  1441 | D:3      | Noticed zilvtree's ghost (weakling DEFE)
  1469 | D:3      | Killed zilvtree's ghost
  1469 | D:3      | Reached skill level 1 in Maces & Flails
  1469 | D:3      | Reached XP level 4. HP: 23/29 MP: 4/4
  1602 | D:3      | Noticed Crazy Yiuf
  1623 | D:3      | Killed Crazy Yiuf
  1623 | D:3      | Reached XP level 5. HP: 25/33 MP: 5/5
  2203 | D:4      | Reached * piety under Okawaru
  2204 | D:4      | Found a basalt altar of Yredelemnul.
  2211 | D:4      | Reached XP level 6. HP: 36/39 MP: 6/6
  2633 | D:4      | Reached skill level 5 in Armour
  2716 | D:4      | Found a glowing golden altar of the Shining One.
  2716 | D:4      | Found a sacrificial altar of Ru.
  2720 | D:4      | Reached skill level 5 in Fighting
  2731 | D:5      | Entered Level 5 of the Dungeon
  2767 | D:5      | Found a burning altar of Makhleb.
  2855 | D:5      | Reached skill level 5 in Shields
  2999 | D:5      | Reached XP level 7. HP: 34/44 MP: 7/7
  3288 | D:5      | Noticed Duvessa
  3298 | D:5      | Noticed Dowan
  3302 | D:5      | Killed Duvessa
  3311 | D:5      | Killed Dowan
  3379 | D:5      | Reached ** piety under Okawaru
  3617 | D:6      | Reached XP level 8. HP: 38/51 MP: 8/8
  3974 | D:6      | Found an ancient bone altar of Kikubaaqudgha.
  4105 | D:6      | Noticed Blork the orc
  4558 | D:6      | Reached skill level 5 in Maces & Flails
  4558 | D:6      | Reached skill level 1 in Invocations
  4568 | D:6      | Reached XP level 9. HP: 49/56 MP: 7/10
  4606 | D:6      | Reached *** piety under Okawaru
  5029 | D:6      | Killed Blork the orc
  5716 | D:6      | HP: 1/57 [ogre/giant club (12)]
  6449 | D:7      | Reached XP level 10. HP: 57/64 MP: 13/13
  6466 | D:7      | Reached **** piety under Okawaru
  6559 | D:7      | Noticed junkhipster's ghost (novice GrFi)
  6598 | D:7      | Killed junkhipster's ghost
  7101 | D:7      | Found a staircase to the Ecumenical Temple.
  7674 | D:8      | Reached skill level 5 in Invocations
  7971 | D:8      | Killed from afar by a crimson imp

Skill      XL: |  1  2  3  4  5  6  7  8  9 10 |
---------------+-------------------------------+-----
Armour         | 4 5 6 7 8 |  8.4
Shields        | 4 5 6 8 |  8.6
Fighting       | 4 5 6 7 8 |  8.4
Maces & Flails | 1 2 3 5 6 |  6.7
Invocations    | 1 4 5 |  5.1
Polearms       | |  1.8

Action                   |  1- 3 |  4- 6 |  7- 9 | 10-12 || total
-------------------------+-------+-------+-------+-------++-------
Melee: Trident           |    90 |       |       |       ||    90
       Whip              |    43 |   192 |   169 |       ||   404
       Mace              |    24 |       |   510 |   192 ||   726
Invok: Heroism           |       |       |     4 |     3 ||     7
Evoke: Wand              |       |       |     5 |       ||     5
  Use: Scroll            |     6 |       |     8 |     3 ||    17
       Potion            |     1 |     1 |     8 |     1 ||    11
  Eat: Chunk             |     2 |     5 |    13 |     6 ||    26
Armor: Leather armour    |    54 |    59 |   264 |    81 ||   458
Dodge: Dodged            |    54 |    60 |   234 |    75 ||   423
Block: Shield            |    77 |    76 |   391 |   137 ||   681
